| TOP OF THE 1ST |
|
York Revolution batting - Pitching for London Majors : RHP Shalom Diender
|
|
Pitching: RHP Shalom Diender
|
|
|
Batting: LHB Jonathan Roman
|
0-0: Bunt for hit to 13S - play at first, batter safe!
|
|
Batting: RHB Juan Valadez
|
0-0: Ball 1-0: Ball 2-0: SINGLE (Line Drive, 9S, EV 108.1 MPH) Jonathan Roman to second
|
|
Batting: RHB Jose Corral
|
0-0: Foul Ball, location: 2F 0-1: Foul Ball, location: 2F 0-2: Foul Ball, location: 2F 0-2: Foul Ball, location: 2F 0-2: Ball 1-2: Strikes out swinging
|
|
Batting: LHB Eric Farren
|
0-0: Called Strike Jonathan Roman steals 3rd base 0-1: Swinging Strike 0-2: Ball 1-2: Ball 2-2: Ball 3-2: Fly out, F9 (Flyball, 9S, EV 88.8 MPH)
|
|
Batting: RHB Eddie Serna
|
0-0: Foul Ball, location: 2F 0-1: Foul Ball, location: 2F 0-2: Strikes out looking
|
| Top of the 1st over - 0 runs, 2 hits, 0 errors, 2 left on base; York 0 - London 0 |
| BOTTOM OF THE 1ST |
|
London Majors batting - Pitching for York Revolution : RHP Jeff van Schaik
|
|
Pitching: RHP Jeff van Schaik
|
|
|
Batting: RHB Dustin Bargman
|
0-0: Called Strike 0-1: Swinging Strike 0-2: Ball 1-2: Ground out 5-3 (Groundball, 56, EV 87.5 MPH)
|
|
Batting: RHB Jorge Cruz
|
0-0: Ball 1-0: DOUBLE (Line Drive, 78D, EV 104.4 MPH)
|
|
Batting: RHB John Rios
|
0-0: SINGLE (Flyball, 8LS, EV 90.6 MPH) Jorge Cruz to third Runner from 3rd tries for Home, SAFE, throw by CF to home
|
|
Batting: RHB Luis Gomez
|
0-0: Ball 1-0: Called Strike 1-1: Fly out, F9 (Flyball, 9LD, EV 86.9 MPH)
|
|
Batting: RHB David Gamez
|
0-0: Ball 1-0: Ground out 3-1 (Groundball, 34, EV 83.8 MPH)
|
| Bottom of the 1st over - 1 run, 2 hits, 0 errors, 1 left on base; York 0 - London 1 |
| TOP OF THE 2ND |
|
York Revolution batting - Pitching for London Majors : RHP Shalom Diender
|
|
Batting: RHB Dave Gallegos
|
0-0: Ball 1-0: Ball 2-0: Swinging Strike 2-1: Ground out 4-3 (Groundball, 4M, EV 107.5 MPH)
|
|
Batting: RHB Ivan Barrientos
|
0-0: Swinging Strike 0-1: Ball 1-1: Ball 2-1: Foul Ball, location: 2F 2-2: Strikes out looking
|
|
Batting: RHB Joel Gomez
|
0-0: Ball 1-0: Called Strike 1-1: Swinging Strike 1-2: Foul Ball, location: 2F 1-2: Foul Ball, location: 2F 1-2: Strikes out swinging
|
| Top of the 2nd over - 0 runs, 0 hits, 0 errors, 0 left on base; York 0 - London 1 |
| BOTTOM OF THE 2ND |
|
London Majors batting - Pitching for York Revolution : RHP Jeff van Schaik
|
|
Batting: RHB Mikey Sano
|
0-0: Ball 1-0: Swinging Strike 1-1: Swinging Strike 1-2: Strikes out swinging
|
|
Batting: RHB Rudolph Lentz
|
0-0: Ground out 6-3 (Groundball, 6, EV 88.8 MPH)
|
|
Batting: RHB Manny Elizondo
|
0-0: Foul Ball, location: 2F 0-1: Hit by Pitch
|
|
Batting: RHB Lao-che Zhu
|
0-0: Called Strike Manny Elizondo is caught stealing 2nd base 2-4
|
| Bottom of the 2nd over - 0 runs, 0 hits, 0 errors, 0 left on base; York 0 - London 1 |
| TOP OF THE 3RD |
|
York Revolution batting - Pitching for London Majors : RHP Shalom Diender
|
|
Batting: RHB Alexis Graciani
|
0-0: Ball 1-0: Ball 2-0: Called Strike 2-1: Foul Ball, location: 2F 2-2: SINGLE (Line Drive, 7S, EV 100.0 MPH)
|
|
Batting: LHB Jonathan Roman
|
0-0: Foul Ball, location: 2F 0-1: Foul Ball, location: 2F 0-2: Foul Ball, location: 2F 0-2: Ball 1-2: Foul Ball, location: 2F 1-2: Ball 2-2: SINGLE (Groundball, 34S, EV 70.6 MPH) (infield hit) Alexis Graciani to second
|
|
Batting: RHB Juan Valadez
|
0-0: Called Strike 0-1: Ball 1-1: Ball 2-1: Ball 3-1: Fly out, F8 (Flyball, 8RD, EV 106.2 MPH)
|
|
Batting: RHB Jose Corral
|
0-0: Called Strike 0-1: Swinging Strike 0-2: Ball 1-2: Strikes out swinging
|
|
Batting: LHB Eric Farren
|
0-0: Ball 1-0: Called Strike 1-1: 3-RUN HOME RUN (Flyball, 9D, EV 97.5 MPH), Distance : 395 ft
|
|
Batting: RHB Eddie Serna
|
0-0: Ball 1-0: Fly out, F9 (Flyball, 89M, EV 92.5 MPH)
|
| Top of the 3rd over - 3 runs, 3 hits, 0 errors, 0 left on base; York 3 - London 1 |
| BOTTOM OF THE 3RD |
|
London Majors batting - Pitching for York Revolution : RHP Jeff van Schaik
|
|
Batting: RHB Lao-che Zhu
|
0-0: Ball 1-0: Ground out 6-3 (Groundball, 6S, EV 88.8 MPH)
|
|
Batting: RHB Dustin Bargman
|
0-0: Ball 1-0: Called Strike 1-1: Foul Ball, location: 2F 1-2: Ground out 5-3 (Groundball, 56S, EV 65.6 MPH)
|
|
Batting: RHB Jorge Cruz
|
0-0: Called Strike 0-1: Ball 1-1: SOLO HOME RUN (Flyball, 78XD, EV 103.8 MPH), Distance : 419 ft
|
|
Batting: RHB John Rios
|
0-0: Foul Ball, location: 2F 0-1: Ball 1-1: Called Strike 1-2: Foul Ball, location: 2F 1-2: Ball 2-2: Strikes out looking
|
| Bottom of the 3rd over - 1 run, 1 hit, 0 errors, 0 left on base; York 3 - London 2 |
| TOP OF THE 4TH |
|
York Revolution batting - Pitching for London Majors : RHP Shalom Diender
|
|
Batting: RHB Dave Gallegos
|
0-0: Ball 1-0: Ball 2-0: Ball 3-0: Base on Balls
|
|
Batting: RHB Ivan Barrientos
|
0-0: Ball 1-0: Called Strike 1-1: 2-RUN HOME RUN (Flyball, 9D, EV 99.4 MPH), Distance : 389 ft
|
|
Pitching: RHP Mitsuaki Okazaki
|
|
|
Batting: RHB Joel Gomez
|
0-0: Ball 1-0: Foul Ball, location: 2F 1-1: Foul Ball, location: 2F 1-2: Ground out 6-3 (Groundball, 6, EV 103.8 MPH)
|
|
Pitching: RHP Bradley Carriere
|
|
|
Batting: RHB Alexis Graciani
|
0-0: Ground out 4-3 (Groundball, 4D, EV 108.1 MPH)
|
|
Batting: LHB Jonathan Roman
|
0-0: Ball 1-0: Ball 2-0: Swinging Strike 2-1: Ball 3-1: Base on Balls
|
|
Batting: RHB Juan Valadez
|
0-0: Ball 1-0: Fly out, F8 (Flyball, 8LD, EV 102.5 MPH)
|
| Top of the 4th over - 2 runs, 1 hit, 0 errors, 1 left on base; York 5 - London 2 |
| BOTTOM OF THE 4TH |
|
London Majors batting - Pitching for York Revolution : RHP Jeff van Schaik
|
|
Batting: RHB Luis Gomez
|
0-0: Foul Ball, location: 2F 0-1: Fly out, F9 (Flyball, 89M, EV 91.9 MPH)
|
|
Batting: RHB David Gamez
|
0-0: Swinging Strike 0-1: Called Strike 0-2: Ball 1-2: Foul Ball, location: 2F 1-2: Foul Ball, location: 2F 1-2: Ball 2-2: SINGLE (Line Drive, 7LS, EV 104.4 MPH)
|
|
Batting: RHB Mikey Sano
|
0-0: Grounds into double play, 4-6-3 (Groundball, 4, EV 89.4 MPH)
|
| Bottom of the 4th over - 0 runs, 1 hit, 0 errors, 0 left on base; York 5 - London 2 |
| TOP OF THE 5TH |
|
York Revolution batting - Pitching for London Majors : RHP Bradley Carriere
|
|
Batting: RHB Jose Corral
|
0-0: Called Strike 0-1: Ball 1-1: Called Strike 1-2: Ball 2-2: Foul Ball, location: 2F 2-2: Ball 3-2: Ground out 4-3 (Groundball, 4M, EV 99.4 MPH)
|
|
Batting: LHB Eric Farren
|
0-0: Foul Ball, location: 2F 0-1: Fly out, F8 (Flyball, 8RD, EV 103.1 MPH)
|
|
Batting: RHB Eddie Serna
|
0-0: Ball 1-0: Called Strike 1-1: Swinging Strike 1-2: Strikes out swinging
|
| Top of the 5th over - 0 runs, 0 hits, 0 errors, 0 left on base; York 5 - London 2 |
| BOTTOM OF THE 5TH |
|
London Majors batting - Pitching for York Revolution : RHP Jeff van Schaik
|
|
Batting: RHB Rudolph Lentz
|
0-0: Ball 1-0: SINGLE (Groundball, 6MD, EV 104.4 MPH)
|
|
Batting: RHB Manny Elizondo
|
0-0: Called Strike 0-1: Called Strike 0-2: Strikes out looking
|
|
Batting: RHB Lao-che Zhu
|
0-0: Ball 1-0: Called Strike 1-1: Foul Ball, location: 2F 1-2: Ball 2-2: Foul Ball, location: 2F 2-2: Ball 3-2: Foul Ball, location: 2F 3-2: SINGLE (Line Drive, 3D, EV 94.4 MPH) Rudolph Lentz to second Runner from 2nd tries for 3rd, SAFE, throw by RF made to third
|
|
Batting: RHB Dustin Bargman
|
0-0: Ball 1-0: SINGLE (Line Drive, 4MD, EV 98.1 MPH) Rudolph Lentz scores Lao-che Zhu to second
|
|
Batting: RHB Jorge Cruz
|
0-0: Ball 1-0: Called Strike 1-1: Foul Ball, location: 2F 1-2: Ball 2-2: Ball 3-2: Fly out, F9 (Flyball, 9S, EV 92.5 MPH)
|
|
Batting: RHB John Rios
|
0-0: Ball 1-0: Called Strike 1-1: Ball 2-1: Ball 3-1: Base on Balls Lao-che Zhu to third Dustin Bargman to second
|
|
Batting: RHB Luis Gomez
|
0-0: Foul Ball, location: 2F 0-1: Swinging Strike 0-2: Foul Ball, location: 2F 0-2: Ball 1-2: Ball 2-2: Ball 3-2: SINGLE (Groundball, 6D, EV 106.9 MPH) Lao-che Zhu scores Dustin Bargman to third John Rios to second Dustin Bargman scores John Rios to third
|
|
Pitching: RHP Dusty DuPont
|
|
|
Batting: RHB David Gamez
|
0-0: Ball 1-0: Ball 2-0: Ball 3-0: Called Strike 3-1: Ground out 4-3 (Groundball, 34, EV 86.2 MPH)
|
| Bottom of the 5th over - 3 runs, 4 hits, 0 errors, 2 left on base; York 5 - London 5 |
| TOP OF THE 6TH |
|
York Revolution batting - Pitching for London Majors : RHP Bradley Carriere
|
|
Batting: RHB Dave Gallegos
|
0-0: Ball 1-0: Ball 2-0: Ball 3-0: Called Strike 3-1: Ground out 4-3 (Groundball, 4S, EV 88.1 MPH)
|
|
Batting: RHB Ivan Barrientos
|
0-0: Foul Ball, location: 2F 0-1: Ground out 6-3 (Groundball, 6, EV 102.5 MPH)
|
|
Batting: RHB Joel Gomez
|
0-0: Ball 1-0: Ball 2-0: Ball 3-0: Base on Balls
|
|
Batting: RHB Alexis Graciani
|
0-0: Fly out, F7 (Flyball, 7, EV 84.4 MPH)
|
| Top of the 6th over - 0 runs, 0 hits, 0 errors, 1 left on base; York 5 - London 5 |
| BOTTOM OF THE 6TH |
|
London Majors batting - Pitching for York Revolution : RHP Dusty DuPont
|
|
Batting: RHB Mikey Sano
|
0-0: Ball 1-0: Swinging Strike 1-1: Ball 2-1: Foul Ball, location: 2F 2-2: Strikes out looking
|
|
Batting: RHB Rudolph Lentz
|
0-0: Ball 1-0: Fly out, F8 (Line Drive, 8RS, EV 90.6 MPH)
|
|
Batting: RHB Manny Elizondo
|
0-0: Ball 1-0: Foul Ball, location: 2F 1-1: Ball 2-1: Foul Ball, location: 2F 2-2: Strikes out looking
|
| Bottom of the 6th over - 0 runs, 0 hits, 0 errors, 0 left on base; York 5 - London 5 |
| TOP OF THE 7TH |
|
York Revolution batting - Pitching for London Majors : RHP Bradley Carriere
|
|
Batting: LHB Jonathan Roman
|
0-0: Ball 1-0: Ball 2-0: Ball 3-0: Base on Balls
|
|
Batting: RHB Juan Valadez
|
0-0: Ball 1-0: Called Strike 1-1: Grounds into double play, 4-6-3 (Groundball, 4, EV 79.4 MPH)
|
|
Batting: RHB Jose Corral
|
0-0: Ground out 4-3 (Groundball, 4, EV 89.4 MPH)
|
| Top of the 7th over - 0 runs, 0 hits, 0 errors, 0 left on base; York 5 - London 5 |
| BOTTOM OF THE 7TH |
|
London Majors batting - Pitching for York Revolution : RHP Dusty DuPont
|
|
Batting: RHB Lao-che Zhu
|
0-0: Ball 1-0: Ground out 6-3 (Groundball, 6, EV 81.9 MPH)
|
|
Batting: RHB Dustin Bargman
|
0-0: Ball 1-0: Called Strike 1-1: Ball 2-1: Swinging Strike 2-2: Foul Ball, location: 2F 2-2: Fly out, F9 (Flyball, 89M, EV 83.8 MPH)
|
|
Batting: RHB Jorge Cruz
|
0-0: Ball 1-0: Ball 2-0: Called Strike 2-1: Called Strike 2-2: SINGLE (Line Drive, 56D, EV 104.4 MPH)
|
|
Batting: RHB John Rios
|
0-0: Ball Jorge Cruz is caught stealing 2nd base 2-4
|
| Bottom of the 7th over - 0 runs, 1 hit, 0 errors, 0 left on base; York 5 - London 5 |
| TOP OF THE 8TH |
|
York Revolution batting - Pitching for London Majors : RHP Bradley Carriere
|
|
Pitching: LHP Kevin Snider
|
|
|
Batting: LHB Eric Farren
|
0-0: Called Strike 0-1: Ball 1-1: Ball 2-1: Foul Ball, location: 2F 2-2: Ball 3-2: Foul Ball, location: 2F 3-2: Fly out, F7 (Flyball, 7D, EV 81.2 MPH)
|
|
Batting: RHB Eddie Serna
|
0-0: Ball 1-0: SINGLE (Line Drive, 34D, EV 101.2 MPH)
|
|
Batting: RHB Dave Gallegos
|
0-0: Ball 1-0: Swinging Strike 1-1: Swinging Strike 1-2: Foul Ball, location: 2F 1-2: Foul Ball, location: 2F 1-2: Strikes out swinging
|
|
Batting: RHB Ivan Barrientos
|
0-0: Ball 1-0: Called Strike Eddie Serna is caught stealing 2nd base 2-4
|
| Top of the 8th over - 0 runs, 1 hit, 0 errors, 0 left on base; York 5 - London 5 |
| BOTTOM OF THE 8TH |
|
London Majors batting - Pitching for York Revolution : RHP Dusty DuPont
|
|
Pitching: LHP Ray Paul
|
|
|
Batting: RHB John Rios
|
0-0: Foul Ball, location: 2F 0-1: SINGLE (Groundball, 6D, EV 101.9 MPH)
|
|
Pinch Runner at 1st Pete Duncan:
|
|
|
Batting: RHB Luis Gomez
|
0-0: Fly out, F8 (Flyball, 8RS, EV 88.8 MPH)
|
|
Batting: RHB David Gamez
|
0-0: Called Strike 0-1: Ball 1-1: Ball Pete Duncan is caught stealing 2nd base 2-4 2-1: SOLO HOME RUN (Flyball, 78XD, EV 105.6 MPH), Distance : 409 ft
|
|
Batting: RHB Mikey Sano
|
0-0: Foul Ball, location: 2F 0-1: Ball 1-1: Foul Ball, location: 2F 1-2: Ball 2-2: SINGLE (Line Drive, 7S, EV 91.9 MPH)
|
|
Batting: RHB Rudolph Lentz
|
0-0: SINGLE (Line Drive, 8RS, EV 91.9 MPH) Mikey Sano to second
|
|
Batting: RHB Manny Elizondo
|
0-0: Called Strike 0-1: Ball 1-1: Ball 2-1: Ball 3-1: Foul Ball, location: 2F 3-2: Strikes out swinging
|
| Bottom of the 8th over - 1 run, 4 hits, 0 errors, 2 left on base; York 5 - London 6 |
| TOP OF THE 9TH |
|
York Revolution batting - Pitching for London Majors : LHP Kevin Snider
|
|
Pitching: RHP Josh Long
|
|
|
Now at 2B: Bobby Roldan
|
|
|
Now in RF: Mike Chamberlain
|
|
|
Batting: RHB Ivan Barrientos
|
0-0: Called Strike 0-1: Foul Ball, location: 2F 0-2: Ball 1-2: Ball 2-2: Foul Ball, location: 2F 2-2: Strikes out swinging
|
|
Batting: RHB Joel Gomez
|
0-0: Ball 1-0: Foul Ball, location: 2F 1-1: Swinging Strike 1-2: Strikes out swinging
|
|
Batting: RHB Victor Arias
|
0-0: Ball 1-0: Ball 2-0: Swinging Strike 2-1: Ball 3-1: Base on Balls
|
|
Batting: LHB Jonathan Roman
|
0-0: Ball 1-0: Called Strike 1-1: Swinging Strike 1-2: Foul Ball, location: 2F 1-2: Ball 2-2: Ball 3-2: Strikes out swinging
|
| Top of the 9th over - 0 runs, 0 hits, 0 errors, 1 left on base; York 5 - London 6 |
|